 Dungeon Crawl Stone Soup version 0.21.1-1-g345015f (webtiles) character file.

1023 inc the Nimble (level 8, -17/34 HPs)
             Began as a Felid Chaos Knight on Feb 23, 2018.
             Demolished by Gastronok (36 damage)
             ... on level 8 of the Dungeon.
             The game lasted 00:20:53 (6104 turns).

inc the Nimble (Felid Chaos Knight)                 Turns: 6104, Time: 00:20:55

Health: -17/34     AC:  4    Str: 10    XL:     8   Next: 2%
Magic:  0/9        EV: 30    Int: 15    God:    Xom [*.....]
Gold:   341        SH:  0    Dex: 16    Spells: 3/7 levels left
                                        Lives:  0   Deaths: 2

rFire    + . .     SeeInvis +     - Unarmed
rCold    + . .     Gourm    .   (shield unavailable)
rNeg     . . .     Faith    .   (armour unavailable)
rPois    +         Spirit   +   (helmet unavailable)
rElec    +         Reflect  .   (cloak unavailable)
rCorr    +         Harm     .   (gloves unavailable)
MR       ++...                  (boots unavailable)
Stlth    +.........             b - amulet of guardian spirit
HPRegen  0.11/turn              f - ring of protection from magic
MPRegen  0.11/turn              (no ring)

@: silence, resistant, hasted, very quick
A: very small, no armour, no weapons or thrown items, stealth, claws 1, fangs 3,
horns 1, repulsion field 1, yellow scales 1, see invisible, blink, carnivore,
speed 1, sense surroundings 3, shaggy fur 2, slow metabolism 1, strong 1, wild
magic 1, sharp paws
a: Blink, Renounce Religion


You were on level 8 of the Dungeon.
You worshipped Xom.
You were a special plaything of Xom.
You were not hungry.

You visited 2 branches of the dungeon, and saw 9 of its levels.

You collected 341 gold pieces.

Inventory:

Jewellery
 b - an amulet of guardian spirit (around neck)
 f - a ring of protection from magic (left paw)
 i - an uncursed ring of ice
 n - an uncursed ring of ice
 p - an uncursed ring of see invisible
Wands
 r - a wand of clouds (6)
 w - a wand of random effects (24)
Scrolls
 c - 5 scrolls of enchant armour
 g - 2 scrolls of enchant weapon {unknown}
 h - a scroll of identify
 k - a scroll of random uselessness {unknown}
 m - a scroll of amnesia
 v - a scroll of fear {unknown}
 x - 2 scrolls of immolation
Potions
 d - 4 potions of mutation
 e - a potion of haste
 j - a potion of brilliance
 o - a potion of lignification
Books
 u - a book of Conjurations

   Spells                             Type                      Level
   a - Magic Dart                     Conjuration                  1
   b - Searing Ray                    Conjuration                  2
   c - Dazzling Spray                 Conjuration/Hexes            3
   d - Fulminant Prism                Conjuration/Hexes            4
   e - Force Lance                    Conjuration/Translocation    4
   f - Iskenderun's Mystic Blast      Conjuration                  4
Comestibles
 a - 8 rations


   Skills:
 - Level 3.0 Fighting
 - Level 12.2 Dodging
 - Level 7.0 Unarmed Combat
 + Level 3.4 Conjurations


You had 3 spell levels left.
You knew the following spells:

 Your Spells              Type           Power        Failure   Level  Hunger
a - Iskenderun's Mystic   Conj           ##......     63%         4    #####..


Dungeon Overview and Level Annotations

Branches:
Dungeon (8/15)             Temple (1/1) D:7
   Lair: D:8-11

Altars:
Ashenzari
Cheibriados
Dithmenos
Elyvilon
Fedhas
Gozag
Kikubaaqudgha
Makhleb
Nemelex Xobeh
Okawaru
Qazlal
Ru
Sif Muna
Trog
Uskayaw
Vehumet
Wu Jian
Xom
Yredelemnul
Zin
The Shining One

Shops:
D:5 !

Annotations:
D:2 Sigmund
D:3 Danetta's ghost, amateur NaBe
D:6 Prince Ribbit
D:8 Gastronok


Innate Abilities, Weirdness & Mutations

You cannot wear armour.
You are incapable of wielding weapons or throwing items.
Your paws allow you to move quietly. (Stealth)
You have sharp claws.
You have razor-sharp teeth.
You have supernaturally acute eyesight. (SInv)
You are carnivorous and can eat meat at any time.
You cover ground quickly.
You are covered in thick fur. (AC +2)
You have a slow metabolism.
Your sharp claws are effective at attacking unaware monsters.
You have a pair of small horns on your head.
You are surrounded by a mild repulsion field. (EV +2)
You are partially covered in yellow scales. (AC +2)
You can translocate small distances at will.
You passively map a large area around you.
Your muscles are strong. (Str +2)
Your spells are a little harder to cast, but a little more powerful.


Message History

A hound comes into view.
The hound moves out of view.
Okay, then.
The leopard gecko zombie is engulfed in blazing flames.
The leopard gecko zombie explodes!
The fiery explosion engulfs Gastronok.
Gastronok is heavily wounded.
The fiery explosion engulfs the adder.
You kill the adder!
Welcome back to level 8!
The fiery explosion engulfs the gnoll.
The gnoll explodes!
You feel a bit more experienced.
The two-headed ogre completely misses you.
The two-headed ogre barely misses you.
Gastronok is engulfed in blazing flames.
Gastronok bites you!!!
Ouch! That really hurt!
You die...
Xom snickers! , , ,, , , , , #.#...# , , , #..... ,* *#.... , , ,* , #...#, , ,* , * ,.lZ. , * #SZ

, *, , * #O#
* , # * #@# ,
#.#####w# ,
,, ,
,#.....§§## *
, ,
.###...§§§# ,
, ,,
........§.+,,
, ,,
*####......#
*, , ,,
#......# , ,,
#........8 ,
,,, ,
#........g ,
, ,


You could see Gastronok (inner flame), a two-headed ogre (inner flame), an
iguana (inner flame), an adder (inner flame), a hound zombie (inner flame) and a
centaur zombie (inner flame).

Vanquished Creatures
  A hippogriff (D:7)
  An orc warrior (D:7)
  An ice beast (D:7)
  2 centaurs (D:5)
  2 ogres
  A bullfrog (D:6)
  A gnoll sergeant (D:8)
  A scorpion (D:5)
  4 killer bees (D:7)
  A jelly (D:6)
  4 wights (D:6)
  3 crimson imps
  2 hounds (D:5)
  A centaur zombie (D:8)
  4 orc priests
  A centaur skeleton (D:5)
  4 iguanas
  3 orc wizards
  6 worker ants
  8 gnolls
  6 adders
  A shadow imp (D:6)
  2 oozes (D:5)
  An adder zombie (D:5)
  An adder skeleton (D:7)
  2 worms
  5 leopard geckos
  21 orcs
  3 giant cockroaches
  4 goblins (D:1)
  11 hobgoblins
  3 jackals (D:2)
  5 kobolds
  5 bats
  3 frilled lizards
  A jackal zombie (D:5)
  A leopard gecko skeleton (D:5)
  A leopard gecko zombie (D:8)
  A quokka zombie (D:7)
  8 rats
136 creatures vanquished.

Vanquished Creatures (others)
  A centaur (D:6)
1 creature vanquished.

Grand Total: 137 creatures vanquished

Notes
Turn   | Place    | Note
-------+----------+-------------------------------------------
     0 | D:1      | inc the Felid Chaos Knight began the quest for the Orb.
     0 | D:1      | Reached XP level 1. HP: 10/10 MP: 2/2
   123 | D:1      | XOM: divination: detect items
   450 | D:1      | Reached XP level 2. HP: 5/14 MP: 1/3
   633 | D:1      | XOM: butterfly on damage
   634 | D:1      | XOM: divination: detect items
   727 | D:1      | XOM: give mutation
   727 | D:1      | Gained mutation: Your spells are a little harder to cast, but a little more powerful. [Xom's grace]
   865 | D:1      | XOM: 3-stop teleportation journey
   949 | D:1      | XOM: god gift: scorched chain mail {god gift}
  1063 | D:1      | XOM: medium Fire miscast
  1334 | D:1      | XOM: 7-stop teleportation journey
  1496 | D:2      | XOM: confusion
  1595 | D:2      | XOM is BORED!
  1595 | D:2      | XOM: stat loss: -2 Int (11/13)
  1632 | D:2      | XOM: polymorph bat -> gnoll
  1781 | D:1      | XOM: 2-stop teleportation journey
  1870 | D:2      | Reached XP level 3. HP: 17/17 MP: 4/4
  1995 | D:3      | XOM: harmless Tloc miscast
  2140 | D:3      | Noticed Danetta's ghost (amateur NaBe)
  2213 | D:2      | Noticed Sigmund
  2283 | D:2      | XOM: polymorph gnoll -> dart slug
  2285 | D:2      | XOM: enchant monster (good)
  2327 | D:3      | Reached XP level 4. HP: 14/21 MP: 3/5
  2460 | D:3      | Reached skill level 5 in Unarmed Combat
  2556 | D:3      | XOM: cast spell 'Summon Ice Beast'
  2633 | D:4      | XOM: 7-stop teleportation journey
  2821 | D:4      | XOM: give mutations
  2821 | D:4      | Gained mutation: You passively map a small area around you. [Xom's grace]
  2821 | D:4      | Gained mutation: You have a pair of small horns on your head. [Xom's grace]
  2821 | D:4      | Gained mutation: You passively map the area around you. [Xom's grace]
  2821 | D:4      | Gained mutation: You passively map a large area around you. [Xom's grace]
  2856 | D:4      | XOM: harmless Ice miscast
  2933 | D:4      | Reached XP level 5. HP: 20/24 MP: 4/6
  2980 | D:4      | Found a basalt altar of Yredelemnul.
  2980 | D:4      | XOM: 3-stop teleportation journey
  2987 | D:4      | XOM: 4-stop teleportation journey
  3087 | D:4      | XOM: scenery: create altars
  3161 | D:4      | XOM: god gift: leather armour {god gift}
  3325 | D:4      | Gained mutation: You are covered in thick fur. (AC +2) [Felid growth]
  3325 | D:4      | Reached XP level 6. HP: 24/28 MP: 5/7
  3378 | D:5      | Entered Level 5 of the Dungeon
  3404 | D:5      | XOM: 5-stop teleportation journey
  3429 | D:5      | Reached skill level 4 in Dodging
  3476 | D:5      | Reached skill level 5 in Dodging
  3476 | D:5      | XOM: divination: detect items
  3487 | D:5      | XOM: enchant monster (good)
  3522 | D:5      | Killed from afar by an orc priest
  3523 | D:5      | Reached XP level 5. HP: 0/24 MP: 0/6
  3562 | D:5      | Found Taxzio's Distillery.
  3569 | D:5      | XOM: give mutations
  3569 | D:5      | Gained mutation: Your muscles are strong. (Str +2) [Xom's grace]
  3569 | D:5      | Gained mutation: You are partially covered in yellow scales. (AC +2) [Xom's grace]
  3569 | D:5      | Gained mutation: You are surrounded by a mild repulsion field. (EV +2) [Xom's grace]
  3569 | D:5      | Gained mutation: You can translocate small distances at will. [Xom's grace]
  3581 | D:5      | XOM: 4-stop teleportation journey
  3642 | D:5      | Noticed a centaur
  3647 | D:5      | Killed a centaur
  3647 | D:5      | Reached skill level 6 in Dodging
  3647 | D:5      | Reached XP level 6. HP: 28/28 MP: 7/7
  3706 | D:5      | Reached skill level 7 in Dodging
  3792 | D:5      | Reached XP level 7. HP: 29/31 MP: 8/8
  3837 | D:5      | Reached skill level 8 in Dodging
  3973 | D:5      | Reached skill level 9 in Dodging
  4210 | D:6      | XOM: 2-stop teleportation journey
  4419 | D:6      | XOM: chaos upgrade
  4508 | D:6      | XOM: divine lightning
  4617 | D:6      | XOM: enchant monster (bad)
  4701 | D:6      | XOM: harmless Ice miscast
  4751 | D:6      | Reached skill level 10 in Dodging
  4849 | D:6      | XOM: god gift: bubbling purple potion {god gift}
  5039 | D:6      | XOM: fog
  5052 | D:6      | Reached XP level 8. HP: 34/34 MP: 9/9
  5304 | D:6      | Noticed Prince Ribbit
  5322 | D:6      | XOM: harmless Ice miscast
  5477 | D:7      | Noticed a hippogriff
  5480 | D:7      | XOM: cast spell 'Shadow Creatures'
  5484 | D:7      | Killed a hippogriff
  5484 | D:7      | Reached skill level 11 in Dodging
  5489 | D:7      | Found a staircase to the Ecumenical Temple.
  5489 | D:7      | XOM: 1-stop teleportation journey
  5497 | D:7      | Found a deep blue altar of Sif Muna.
  5506 | D:7      | XOM: harmless Tloc miscast
  5585 | D:7      | Reached skill level 12 in Dodging
  5597 | D:7      | Learned a level 4 spell: Iskenderun's Mystic Blast
  5628 | Temple   | Entered the Ecumenical Temple
  5738 | D:7      | Found an iron altar of Okawaru.
  5833 | D:7      | Reached skill level 1 in Conjurations
  5872 | D:7      | XOM: enchant monster (bad)
  5880 | D:7      | XOM: potion effect (might)
  5888 | D:7      | Killed from afar by an orc priest
  5889 | D:7      | Reached XP level 7. HP: 0/31 MP: 0/8
  5995 | D:7      | XOM: medium Ice miscast
  6045 | D:7      | Found a sparkling altar of Nemelex Xobeh.
  6046 | D:7      | Found a glowing silver altar of Zin.
  6073 | D:7      | XOM: summons 2 hostile demons
  6083 | D:8      | Noticed Gastronok
  6086 | D:8      | Noticed a two-headed ogre
  6089 | D:8      | XOM: blink monster(s)
  6103 | D:8      | Reached XP level 8. HP: 19/34 MP: 4/9
  6104 | D:8      | Demolished by Gastronok

Skill      XL: |  1  2  3  4  5  6  7  8 |
---------------+-------------------------+-----
Unarmed Combat | 4 5 6 7 |  7.0
Dodging        | 6 7 10 12 | 12.2
Conjurations   | 3 2 |  3.4
Fighting       | |  3.0

Action                   |  1- 3 |  4- 6 |  7- 9 || total
-------------------------+-------+-------+-------++-------
Melee: Unarmed           |   122 |   173 |   208 ||   503
       Bite              |     9 |    21 |    16 ||    46
       Punch             |     2 |     6 |     8 ||    16
       Headbutt          |       |    29 |    32 ||    61
  Use: Scroll            |       |       |     9 ||     9
       Potion            |       |       |     4 ||     4
 Stab: Sleeping          |     3 |     5 |     2 ||    10
       Distracted        |       |     2 |     1 ||     3
       Paralysed         |       |     1 |       ||     1
  Eat: Chunk             |     5 |     2 |     4 ||    11
Armor: Skin              |    13 |     3 |     4 ||    20
Dodge: Dodged            |   110 |   129 |   217 ||   456
